 Dungeon Crawl Stone Soup version 0.32-a0-791-gfc315c9ecd (webtiles) character file.

Game seed: 13991121183504765253

46082 ragingrage the Basher (level 14, -5/156 HPs)
             Began as an Oni Fighter on Mar 21, 2024.
             Was a High Priest of Nemelex Xobeh.
             Killed from afar by a lindwurm (24 damage)
             ... with a blast of flame
             ... summoned by Kirke
             ... on level 5 of the Lair of Beasts.
             The game lasted 00:44:28 (23396 turns).

ragingrage the Basher (Oni Fighter)                Turns: 23396, Time: 00:44:29

Health: -5/156     AC:  8    Str: 25    XL:     14   Next: 35%
Magic:  22/22      EV:  9    Int:  9    God:    Nemelex Xobeh [*****.]
Gold:   521        SH:  9    Dex: 10    Spells: 11/13 levels left

rFire   x . .        b - +1 flail (drain)
rCold   + . .        c - +0 kite shield
rNeg    . . .        G - +0 steam dragon scales
rPois   +            U - +1 hat
rElec   .            s - +0 cloak
rCorr   .            (gloves unavailable)
SInv    .            (boots unavailable)
Will    +....        x - amulet of regeneration
Stlth   ++           M - ring of poison resistance
HPRegen 1.26/turn    p - ring of ice
MPRegen 0.18/turn

%: no passive effects
@: slowed, invisible, very slow
A: large, unfitting armour, horns 1, tough skin 1, double potion healing,
drunken brawling
a: Renounce Religion, Draw Escape, Draw Destruction, Draw Summoning, Triple
Draw, Deal Four, Stack Five


You were on level 5 of the Lair of Beasts.
You worshipped Nemelex Xobeh.
Nemelex Xobeh was extremely pleased with you.
You visited 3 branches of the dungeon, and saw 18 of its levels.

You collected 881 gold pieces.
You spent 360 gold pieces at shops.

Inventory:

Hand Weapons
 a - the +6 short sword of Kicyikhlo {venom, rElec rPois}
   (You found it on level 3 of the Dungeon)

   rElec:     It insulates you from electricity.
   rPois:     It protects you from poison.
 b - a +1 flail of draining (weapon)
 N - a -2 demon whip of venom
 Q - a +0 giant club
 R - a +0 giant spiked club
Missiles
 z - 11 poisoned darts (quivered)
 A - a throwing net
 E - 10 curare-tipped darts
 I - 5 javelins
 K - 3 boomerangs
Armour
 c - a +0 kite shield (worn)
 s - a +0 cloak (worn)
 G - +0 steam dragon scales (worn)
 J - a +2 robe of fire resistance
 U - a +1 hat (worn)
Jewellery
 j - an amulet of the acrobat
 l - a ring of flight
 p - a ring of ice (right hand)
 x - an amulet of regeneration (around neck)
 F - a ring of magical power
 M - a ring of poison resistance (left hand)
Wands
 r - a wand of charming (11)
 t - a wand of flame (9)
 C - a wand of polymorph (4)
 L - a wand of warping (6)
 P - a wand of mindburst (16)
Scrolls
 e - a scroll of amnesia {unknown}
 f - 4 scrolls of vulnerability
 h - 3 scrolls of revelation
 i - 6 scrolls of teleportation
 n - 3 scrolls of fear
 o - a scroll of noise
 q - a scroll of brand weapon {unknown}
 u - 2 scrolls of silence
 v - 3 scrolls of enchant weapon
 y - a scroll of immolation
 B - a scroll of torment
 T - a scroll of poison {unknown}
 V - a scroll of blinking
Potions
 d - 3 potions of might
 g - 7 potions of heal wounds
 k - 10 potions of curing
 m - 2 potions of invisibility
 w - a potion of brilliance {unknown}
 D - 5 potions of enlightenment
 H - a potion of ambrosia {unknown}
 O - 2 potions of haste
 S - a potion of resistance {unknown}


   Skills:
 + Level 14.3 Fighting
 - Level 7.0 Short Blades
 + Level 14.6 Maces & Flails
 - Level 3.2 Polearms
 - Level 3.6 Throwing
 - Level 4.8 Dodging
 - Level 2.0 Stealth
 - Level 6.5 Shields
 + Level 4.4 Translocations
 + Level 11.4 Invocations
 - Level 4.0 Evocations


You had 11 spell levels left.
You knew the following spells:

 Your Spells              Type           Power      Damage    Failure   Level
a - Blink                 Tloc           14%        N/A       19%         2

Your spell library contained the following spells:

 Spells                   Type           Power      Damage    Failure   Level
 Lesser Beckoning         Tloc           14%        N/A       19%         2
 Momentum Strike          Conj/Tloc      6%         3d8       43%         2
 Summon Small Mammal      Summ           0%         N/A       61%         1
 Volatile Blastmotes      Fire/Tloc      6%         2d10      67%         3
 Static Discharge         Conj/Air       0%         3-3/arc   75%         2
 Call Canine Familiar     Summ           0%         N/A       93%         3
 Inner Flame              Hex/Fire       0%         N/A       93%         3
 Sigil of Binding         Hex            0%         N/A       93%         3
 Iskenderun's Mystic Bla  Conj/Tloc      3%         2d3       97%         4
 Airstrike                Air            0%         2d(0-16)  100%        4
 Flame Wave               Conj/Fire      0%         2d4       100%        4
 Fulminant Prism          Conj/Alch      0%         3d5       100%        4
 Sticky Flame             Fire/Alch      0%         2d4       100%        4
 Summon Blazeheart Golem  Fire/Summ      0%         N/A       100%        4
 Summon Lightning Spire   Summ/Air       0%         N/A       100%        4
 Death Channel            Necr           0%         N/A       100%        6
 Sculpt Simulacrum        Ice/Alch       0%         N/A       100%        6
 Malign Gateway           Summ/Tloc      1%         N/A       100%        7
 Summon Horrible Things   Summ           0%         N/A       100%        8


Dungeon Overview and Level Annotations

Branches:
Dungeon (12/15)            Temple (1/1) D:6            Lair (5/5) D:11
 Spider (0/4) Lair:2
  Swamp: Lair:2-3    Shoals: Lair:2-3     Slime: Lair:4-5       Orc: D:9-12

Altars:
Ashenzari
Cheibriados
Dithmenos
Elyvilon
Fedhas
Gozag
Hepliaklqana
Kikubaaqudgha
Makhleb
Nemelex Xobeh
Okawaru
Qazlal
Ru
Sif Muna
Trog
Uskayaw
Vehumet
Wu Jian
Xom
Yredelemnul
Zin
The Shining One

Shops:
D:1 ?:   D:4 *   D:10 *

Annotations:
D:4 3 runed translucent doors, soul19's ghost, novice DsSh
D:5 3 runed translucent doors, miscthings's ghost, amateur CoAl
D:9 3 runed translucent doors, DeathSocks's ghost, novice MfAl
D:10 exclusion: downstairs
Lair:3 exclusions: oklob plant and 2 more exclusions
Lair:5 Kirke


Innate Abilities, Weirdness & Mutations

You are too large for most types of armour.
You have a pair of small horns on your head.
You have tough skin. (AC +1)
You gain doubled healing and magic from potions.
Whenever you drink a healing potion, you attack all around you.


Message History

Kirke gestures at you while chanting. You resist with significant effort.
You hit Kirke.
Kirke points at you and mumbles some strange words.
You feel yourself slow down.
You thump Kirke! You drain Kirke. Kirke closely misses you.
You sock Kirke! You drain Kirke. Kirke hits you.
You sock Kirke! You drain Kirke. Your headbutt misses Kirke.
A hog comes into view.
Kirke gestures at you while chanting. You resist with some effort.
The hog squeals angrily.
You closely miss Kirke. Your headbutt misses Kirke.
The hog squeals angrily.
You hear an angry squeal.
Kirke hits you but does no damage. Kirke gestures at you while chanting.
You feel as though you will be slow longer.
You closely miss Kirke. Kirke hits you!
You sock Kirke! You drain Kirke. Your headbutt misses Kirke.
Kirke mumbles some strange words.
Kirke summons a lindwurm!
You hear an angry squeal.
You closely miss Kirke. Your headbutt misses Kirke.
Kirke mumbles some strange words.
Kirke summons a lindwurm!
The lindwurm breathes flames at you. The blast of flame hits you!!!
The fire burns you terribly!
You sock Kirke! You drain Kirke. Kirke barely misses you.
The lindwurm bites you. The lindwurm claws you. The lindwurm barely misses you.
You hit Kirke. You drain Kirke. Kirke hits you!
The lindwurm breathes flames at you. The blast of flame hits you!!!
The fire burns you terribly!
* * * LOW HITPOINT WARNING * * *
You block Kirke's attack.
You hear an angry squeal.
You hit Kirke. The lindwurm breathes flames at you.
The blast of flame hits you!! The fire burns you terribly!
You die...
Your body glows slightly and disappears.

$###...####...#.#
h##⌠...## #.#...####
#D##...#.# ##.#....##
#. #...#### ##.#..P.#
##P ##....###
#.)....##
#P######†....#
#.......#
#$.hh###"...##
##......#
#####k##k.[.# ##....##
##@@#.### #######
###### # # # # ####
#..##############
#.....P..#.#.##.######


You could see Kirke (drained), 2 lindwurms and 2 hogs.

Vanquished Creatures
  A hydra (Lair:4)
  An ice dragon (Lair:5)
  2 catoblepae
  A two-headed ogre (D:10)
  Amaemon (D:10)
  A bog body (Lair:3)
  2 lindwurms (Lair:5)
  An ugly thing (D:11)
  A wolf spider (Lair:2)
  5 elephants (Lair:5)
  A black mamba (Lair:4)
  An orange demon (D:10)
  6 torpor snails (Lair:5)
  Maggie (D:7)
  9 cane toads
  A gargoyle (D:11)
  10 komodo dragons
  Jeremiah (D:7)
  2 rime drakes
  6 polar bears
  2 trolls
  8 hornets
  Prince Ribbit (D:7)
  2 tyrant leeches (Lair:5)
  5 dream sheep
  21 blink frogs
  4 centaur simulacra (D:11)
  A water elemental (D:11)
  5 wyverns
  5 basilisks
  61 yaks
  A warg (Lair:5)
  A hog (Lair:2)
  4 steam dragons
  Menkaure (D:4)
  An acid dragon (D:8)
  9 water moccasins
  Duvessa (D:4)
  4 ice beasts
  2 orc warriors
  2 black bears
  An ogre (D:5)
  16 wolves
  5 centaurs
  A phantom (D:6)
  A kobold brigand (D:6)
  16 bullfrogs
  2 gnoll sergeants
  4 scorpions
  A two-headed ogre simulacrum (D:11)
  16 wights
  15 killer bees
  Dowan (D:4)
  2 electric eels
  4 bombardier beetles
  4 howler monkeys
  3 hounds
  4 orc priests
  2 sleepcaps
  Ijyb (D:3)
  5 hell rats (Lair:4)
  3 iguanas
  9 orc wizards
  A spriggan simulacrum (D:11)
  A troll simulacrum (D:11)
  Robin (D:4)
  20 gnolls
  9 adders
  A river rat (D:11)
  A shadow imp (D:7)
  4 white imps
  10 ufetubi
  4 dart slugs
  3 ribbon worms
  30 orcs
  7 ball pythons
  8 endoplasms
  2 giant cockroaches
  13 goblins
  8 hobgoblins
  2 quokkas (D:3)
  15 bats
  2 frilled lizards
  10 kobolds
  5 rats
468 creatures vanquished.

Vanquished Creatures (collateral kills)
  A hydra (Lair:2)
  A two-headed ogre (D:8)
  A gnoll (D:6)
3 creatures vanquished.

Vanquished Creatures (others)
  A gnoll sergeant (D:6)
1 creature vanquished.

Grand Total: 472 creatures vanquished

Notes
Turn   | Place    | Note
-------+----------+-------------------------------------------
     0 | D:1      | ragingrage the Oni Fighter began the quest for the Orb.
     0 | D:1      | Reached XP level 1. HP: 24/24 MP: 1/1
   299 | D:1      | Reached XP level 2. HP: 32/32 MP: 2/2
   380 | D:1      | Reached skill level 1 in Stealth
   380 | D:1      | Found Sami's Book Shoppe.
   496 | D:1      | Found Zixzielia's Magic Scroll Boutique.
   505 | D:1      | Bought a scroll of teleportation for 33 gold pieces
   816 | D:2      | Reached XP level 3. HP: 23/39 MP: 3/3
  1153 | D:1      | Bought a scroll of identify for 22 gold pieces
  1452 | D:2      | Reached XP level 4. HP: 14/48 MP: 4/4
  1850 | D:2      | Identified the +3 mace "Hydraslayer" {pain, *Slow rC++}
  2213 | D:3      | Reached skill level 1 in Short Blades
  2213 | D:3      | Reached XP level 5. HP: 54/54 MP: 5/5
  2241 | D:3      | Identified the +6 short sword of Kicyikhlo {venom, rElec
                  | rPois}
  2544 | D:4      | Noticed Ijyb
  2651 | D:4      | Found a runed translucent gate.
  2652 | D:4      | Found a runed translucent gate.
  2652 | D:4      | Found a runed translucent gate.
  2817 | D:4      | Noticed Duvessa
  2817 | D:4      | Noticed Dowan
  2992 | D:5      | Entered Level 5 of the Dungeon
  3019 | D:5      | Noticed an ogre
  3432 | D:4      | Reached XP level 6. HP: 46/62 MP: 6/6
  3700 | D:4      | Noticed Robin
  3731 | D:4      | Killed Robin
  4108 | D:4      | Found Petraw's Assorted Antiques.
  4116 | D:4      | Bought a scroll labelled ONWUPUFRAE for 30 gold pieces
  4116 | D:4      | Bought a scroll labelled ERECHUIMA for 30 gold pieces
  4443 | D:3      | Killed Ijyb
  4520 | D:4      | Killed Duvessa
  4521 | D:4      | Reached XP level 7. HP: 58/71 MP: 7/7
  4521 | D:4      | Killed Dowan
  4522 | D:4      | Reached skill level 5 in Fighting
  4605 | D:4      | Noticed soul19's ghost (novice DsSh)
  4655 | D:4      | Noticed Menkaure
  4660 | D:4      | Killed Menkaure
  4661 | D:4      | Reached skill level 5 in Short Blades
  4808 | D:5      | Found a burning altar of Makhleb.
  4861 | D:5      | Found a runed translucent gate.
  4861 | D:5      | Found a runed translucent gate.
  4861 | D:5      | Found a runed translucent gate.
  4869 | D:5      | Noticed miscthings's ghost (amateur CoAl)
  5188 | D:5      | Reached XP level 8. HP: 72/80 MP: 8/8
  6242 | D:6      | Reached skill level 5 in Shields
  6653 | D:6      | Reached XP level 9. HP: 55/89 MP: 9/9
  6720 | D:6      | Found a staircase to the Ecumenical Temple.
  6735 | Temple   | Entered the Ecumenical Temple
  6750 | Temple   | Became a worshipper of Nemelex Xobeh the Trickster
  7545 | D:7      | Noticed Jeremiah
  8145 | D:7      | Noticed Maggie
  8166 | D:7      | Killed Maggie
  8354 | D:7      | Reached * piety under Nemelex Xobeh
  8395 | D:7      | Reached skill level 5 in Maces & Flails
  8506 | D:7      | Received a gift from Nemelex Xobeh
  8511 | D:7      | Noticed Prince Ribbit
  8521 | D:7      | Killed Prince Ribbit
  8522 | D:7      | Reached skill level 1 in Invocations
  8624 | D:7      | Reached XP level 10. HP: 96/106 MP: 11/11
  8947 | D:7      | Killed Jeremiah
 10426 | D:8      | Received a gift from Nemelex Xobeh
 10577 | D:8      | Reached skill level 10 in Fighting
 10578 | D:8      | Reached ** piety under Nemelex Xobeh
 10591 | D:8      | Received a gift from Nemelex Xobeh
 10829 | D:8      | Reached skill level 5 in Invocations
 11006 | D:9      | Found a radiant altar of Vehumet.
 11013 | D:9      | Noticed a two-headed ogre
 11361 | D:8      | Killed a two-headed ogre
 11605 | D:9      | Reached XP level 11. HP: 86/117 MP: 15/15
 11655 | D:9      | Found a runed translucent gate.
 11658 | D:9      | Found a runed translucent gate.
 11659 | D:9      | Found a runed translucent gate.
 11659 | D:9      | Noticed DeathSocks's ghost (novice MfAl)
 12296 | D:9      | Found a sacrificial altar of Ru.
 12634 | D:10     | Entered Level 10 of the Dungeon
 12691 | D:10     | Found a hazy altar of Hepliaklqana.
 13184 | D:10     | Received a gift from Nemelex Xobeh
 13300 | D:10     | Reached *** piety under Nemelex Xobeh
 13414 | D:10     | Found a bloodstained altar of Trog.
 13560 | D:10     | Noticed Amaemon
 13573 | D:10     | Killed Amaemon
 13610 | D:10     | Reached skill level 10 in Maces & Flails
 13676 | D:10     | Identified the +1 barding of the Weaver {Int+2 Dex+2}
 13698 | D:10     | Found a stormy altar of Qazlal.
 13754 | D:10     | Found Goxzigh's Island Escapes.
 13929 | D:10     | Noticed a two-headed ogre
 13940 | D:10     | Killed a two-headed ogre
 13986 | D:10     | Received a gift from Nemelex Xobeh
 14056 | D:10     | Found a hide-covered altar of Uskayaw.
 14384 | D:11     | Noticed a green ugly thing
 14581 | D:11     | Killed a green ugly thing
 14928 | D:10     | Reached XP level 12. HP: 121/130 MP: 18/18
 14996 | D:12     | Reached skill level 1 in Evocations
 15434 | D:11     | Received a gift from Nemelex Xobeh
 15749 | D:11     | Reached **** piety under Nemelex Xobeh
 15821 | D:11     | Found a staircase to the Lair.
 16320 | Lair:1   | Entered Level 1 of the Lair of Beasts
 16626 | Lair:1   | Received a gift from Nemelex Xobeh
 16797 | Lair:1   | Reached skill level 10 in Invocations
 16955 | Lair:1   | Learned a level 2 spell: Blink
 17024 | Lair:1   | Reached skill level 1 in Translocations
 17397 | Lair:2   | Received a gift from Nemelex Xobeh
 17802 | Lair:2   | Noticed a seven-headed hydra
 17807 | Lair:2   | Identified the +1 long sword "Ebutito" {venom, rC- rN+
                  | rCorr}
 17811 | Lair:2   | Killed a seven-headed hydra
 17866 | Lair:2   | Found a hole to the Spider Nest.
 17899 | Lair:2   | Reached XP level 13. HP: 127/141 MP: 20/20
 18427 | Lair:2   | Reached ***** piety under Nemelex Xobeh
 19357 | Lair:3   | Received a gift from Nemelex Xobeh
 19736 | Lair:3   | Found a blossoming altar of Fedhas.
 20971 | Lair:4   | Reached skill level 1 in Throwing
 21726 | Lair:5   | Entered Level 5 of the Lair of Beasts
 22023 | Lair:5   | Reached XP level 14. HP: 84/154 MP: 22/22
 22580 | D:10     | Bought a potion of haste for 140 gold pieces
 22580 | D:10     | Bought a scroll of blinking for 105 gold pieces
 23065 | Lair:5   | Paralysed by a hornet for 3 turns
 23382 | Lair:5   | Noticed Kirke
 23396 | Lair:5   | Killed from afar by a lindwurm

Illustrated notes

Levels and vault maps discovered:
D:1:      heliophobic_arrival_battle_scene, layout_loops_ring, serial_shops,
          shop, nicolae_shop_tiny_glass
D:2:      layout_basic, kennysheep_generic_room_14
D:3:      layout_basic
D:4:      layout_gridville, serial_shops, shop, ebering_ghost_rock_garden,
          uniq_robin, uniq_duvessa, uniq_ijyb, uniq_menkaure
D:5:      layout_basic, mainiacjoe_overflow_catwalk,
          gammafunk_ghost_nasty_kobolds, minmay_hedge_maze
D:6:      layout_basic, minmay_temple_entry_waves
D:7:      layout_basic, uniq_jeremiah, uniq_maggie, uniq_prince_ribbit1
D:8:      layout_gridville, hangedman_decor_push
D:9:      old_forge, layout_long_grid, lemuel_crystal_altar,
          nicolae_overflow_crystal_walls, ebering_ghost_rock_garden
D:10:     layout_roguey, lightli_temple_of_fire, mainiacjoe_overflow_alcove_2,
          nicolae_overflow_hidden_temple, grunt_decor_clamped,
          reono_crystal_passage, nicolae_island_escapes, uniq_amaemon
D:11:     layout_irregular_city, minmay_lair_entry_grove, serial_ice,
          serial_ice_g, serial_ice_n, serial_ice_k, serial_ice_b, serial_ice_e,
          serial_ice_d, serial_ice_o, portal_ice_cave_entry_ice_simulacra,
          gauntlet_entry_generic, serial_library_hellmonk_small_alcove
D:12:     layout_cave_pods, david_orc_3, serial_glass, glass_columns_a,
          glass_columns_b, glass_columns_a, glass_columns_a, glass_columns_a,
          glass_columns_a, lightli_minifort, uniq_psyche, uniq_nergalle
Temple:   hellmonk_temple_two_chambers
Lair:1:   layout_roguey, wad_woods_road_05
Lair:2:   layout_cave_pods, spider_nest_entry_rubble
Lair:3:   layout_cave_shapes, nicolae_swamp_entry_splash_gauntlet,
          hangedman_tree_tricks
Lair:4:   layout_roguey
Lair:5:   wormcave, layout_hall_layers, hangedman_lair_caniforms_friends,
          slime_entry_2, small_statue_intersection, small_statue_intersection,
          gammafunk_lair_bear_cave, uniq_kirke

Skill      XL: |  1  2  3  4  5  6  7  8  9 10 11 12 13 14 |
---------------+-------------------------------------------+-----
Stealth        | 1 2 |  2.0
Polearms       | 3 |  3.2
Short Blades   | 1 2 4 5 7 |  7.0
Maces & Flails | 2 3 5 8 11 12 14 | 14.6
Fighting       | 5 8 10 11 12 13 14 | 14.3
Shields        | 3 5 6 |  6.5
Invocations    | 2 6 8 10 11 | 11.4
Evocations     | 3 4 |  4.0
Translocations | 2 4 |  4.4
Dodging        | 4 |  4.8
Throwing       | 2 3 |  3.6

Action                     |  1- 3 |  4- 6 |  7- 9 | 10-12 | 13-15 || total
---------------------------+-------+-------+-------+-------+-------++-------
  Melee: Trident           |    47 |       |       |       |       ||    47
         Headbutt          |    14 |    26 |    64 |   186 |   147 ||   437
         Dagger            |    50 |    76 |       |       |       ||   126
         Short sword       |       |    71 |   305 |   318 |    19 ||   713
         Flail             |       |       |    24 |   532 |   612 ||  1168
  Throw: Dart              |       |       |    10 |    18 |    38 ||    66
         Boomerang         |       |       |       |     4 |     7 ||    11
         Javelin           |       |       |       |     5 |       ||     5
 Invoke: Draw Destruction  |       |       |     1 |    17 |     7 ||    25
         Draw Summoning    |       |       |       |     4 |       ||     4
         Draw Escape       |       |       |       |       |     1 ||     1
  Evoke: Wand              |       |       |     8 |    23 |     2 ||    33
    Use: Scroll            |     2 |     4 |     2 |     1 |     6 ||    15
         Potion            |       |     1 |     1 |       |     1 ||     3
   Stab: Sleeping          |     5 |       |     4 |     2 |     1 ||    12
         Distracted        |       |       |     1 |     1 |       ||     2
         Held in net/web   |       |       |       |     2 |       ||     2
         Confused          |       |       |       |       |     1 ||     1
 Armour: Robe              |    62 |    77 |   123 |       |       ||   262
         Steam dragon scal |       |       |    35 |   547 |   381 ||   963
  Dodge: Dodged            |    20 |    47 |   100 |   265 |   153 ||   585
  Block: Kite shield       |    26 |    48 |   102 |   350 |   227 ||   753

Table legend: (Time is in decaauts)
 A = Elapsed time spent in this place.
 B = Non-inter-level travel time spent in this place.
 C = Inter-level travel time spent in this place.
 D = Time resting spent in this place.
 E = Time spent auto-exploring this place.
 F = Levels seen in this place.
 G = Mean time per level.
                   A        B        C        D        E       F      G
               +--------+--------+--------+--------+--------+-----+--------+
         Total |  23254 |  20563 |   2691 |   5895 |   9346 |  18 | 1291.9 |
       Dungeon |  16328 |  14122 |   2206 |   4046 |   6517 |  12 | 1360.7 |
        Temple |     19 |      1 |     18 |      0 |      0 |   1 |   19.0 |
          Lair |   6905 |   6439 |    466 |   1849 |   2829 |   5 | 1381.0 |
               +--------+--------+--------+--------+--------+-----+--------+

Top non-repeatable levels by time:
     D:4: 2024 daAuts
     D:8: 1895 daAuts
  Lair:2: 1855 daAuts
    D:10: 1725 daAuts
     D:7: 1722 daAuts
     D:9: 1571 daAuts
    D:11: 1538 daAuts
     D:5: 1529 daAuts
     D:6: 1416 daAuts
  Lair:4: 1393 daAuts
  Lair:3: 1290 daAuts
  Lair:5: 1192 daAuts
  Lair:1: 1174 daAuts
     D:2: 1012 daAuts
     D:1: 932 daAuts
